 Dungeon Crawl Stone Soup version 0.30-a0-639-g3916f1956a (webtiles) character file.

Game seed: 12656136590661751409

110 Mitcholas the Chopper (level 4, -4/28 HPs)
             Began as a Gargoyle Fighter on Jan 16, 2023.
             Killed by divine providence
             ... invoked by an orc priest
              (11 damage)
             ... on level 3 of the Dungeon.
             The game lasted 00:01:52 (1585 turns).

Mitcholas the Chopper (Gargoyle Fighter)            Turns: 1585, Time: 00:01:52

Health: -4/28      AC: 15    Str: 21    XL:     4   Next: 91%
Magic:  4/4        EV:  5    Int:  9    God:
Gold:   123        SH:  4    Dex:  9    Spells: 3/3 levels left

rFire   . . .      SeeInvis +    a - +0 war axe
rCold   . . .      Faith    .    c - +0 buckler
rNeg    + . .      Spirit   .    n - +0 plate armour
rPois   ∞          Reflect  .    (no helmet)
rElec   +          Harm     .    (no cloak)
rCorr   .          Rampage  .    (no gloves)
Will    .....                    (no boots) Stlth
                                 (no amulet)
HPRegen 0.24/turn                l - ring of see invisible
MPRegen 0.09/turn                (no ring)

@: no status effects
A: sickness immunity, AC +3, negative energy resistance 1, electricity
resistance, torment resistance 1, petrification resistance
a: no special abilities


You were on level 3 of the Dungeon.
You visited 1 branch of the dungeon, and saw 3 of its levels.

You collected 123 gold pieces.

Inventory:

Hand Weapons
 a - a +0 war axe (weapon)
Missiles
 h - 6 poisoned darts (quivered)
Armour
 c - a +0 buckler (worn)
 n - a +0 plate armour (worn)
Jewellery
 l - a ring of see invisible (left hand)
Scrolls
 e - a scroll of amnesia {unknown}
 f - a scroll of noise {unknown}
 g - 3 scrolls of identify {unknown}
 i - a scroll of silence {unknown}
 k - a scroll of immolation {unknown}
Potions
 b - a potion of lignification {unknown}
 d - 2 potions of might
 j - a potion of ambrosia {unknown}
 m - a potion of attraction {unknown}


   Skills:
 - Level 3.2 Fighting
 + Level 4.4 Axes
 - Level 3.2 Armour
 - Level 3.2 Shields


You had 3 spell levels left.
You didn't know any spells.
Your spell library was empty.

Dungeon Overview and Level Annotations

Branches:
Dungeon (3/15)

Altars:


Innate Abilities, Weirdness & Mutations

You are immune to sickness and miasma.
Your stone body is resilient. (AC +3)
You are immune to poison.
You resist negative energy. (rN+)
You are resistant to electric shocks. (rElec)
You are resistant to unholy torment.
You are immune to petrification.


Message History

You hit the orc.
The orc is severely wounded.
An orc comes into view. It is wielding a +0 club.
The orc priest calls upon Beogh to heal the orc.
The orc's wounds heal themselves!
You completely miss the orc. You hit the orc.
The orc is almost dead.
You hit the orc but do no damage. The orc hits you but does no damage. x2
The orc priest mumbles some strange prayers to Beogh against you.
Beogh smites you!
Ouch! That really hurt!
* * * LOW HITPOINT WARNING * * *
You are too injured to fight recklessly!
You are too injured to fight recklessly!
You are too injured to fight recklessly!
You are too injured to fight recklessly!
You are too injured to fight recklessly!
You are too injured to fight recklessly!
You are too injured to fight recklessly!
You are too injured to fight recklessly!
You are too injured to fight recklessly!
You are too injured to fight recklessly!
You are too injured to fight recklessly!
You are too injured to fight recklessly!
You are too injured to fight recklessly!
You are too injured to fight recklessly!
You are too injured to fight recklessly!
You are too injured to fight recklessly!
You are too injured to fight recklessly!
You are too injured to fight recklessly!
You are too injured to fight recklessly!
You are too injured to fight recklessly!
You are too injured to fight recklessly!
You are too injured to fight recklessly!
The orc barely misses you. The orc attacks as you move away!
The orc hits you but does no damage.
The orc priest invokes the aid of Beogh against you.
Beogh smites you!
You die...

#. ### #. .... #.##
...#..## #o#...## #...
#.o....# #... #)o..#
###... ##o#.# .....
##@#.# #... #....##
##... #.....###
#....########.........
#....<†...........####
#....###########..#
#..## ..... #. .#### #
.#


You could see an orc priest and 3 orcs.

Vanquished Creatures
  Jessica (D:2)
  3 adders (D:2)
  2 worms (D:2)
  3 dart slugs
  An orc (D:3)
  3 bats
  6 endoplasms
  A giant cockroach (D:1)
  3 goblins (D:1)
  3 hobgoblins (D:2)
  3 jackals (D:2)
  A kobold (D:1)
  2 quokkas
  5 ball pythons
  3 frilled lizards
  4 rats
44 creatures vanquished.

Notes
Turn   | Place    | Note
-------+----------+-------------------------------------------
     0 | D:1      | Mitcholas the Gargoyle Fighter began the quest for the Orb.
     0 | D:1      | Reached XP level 1. HP: 14/14 MP: 1/1
   134 | D:1      | Reached skill level 2 in Axes
   158 | D:1      | Reached XP level 2. HP: 12/19 MP: 2/2
  1017 | D:2      | Reached skill level 3 in Axes
  1017 | D:2      | Reached XP level 3. HP: 23/23 MP: 3/3
  1175 | D:2      | Reached XP level 4. HP: 28/28 MP: 4/4
  1254 | D:2      | Reached skill level 4 in Axes
  1423 | D:2      | Noticed Jessica
  1429 | D:2      | Killed Jessica
  1585 | D:3      | Killed from afar by an orc priest

Illustrated notes

Levels and vault maps discovered:
D:1:      roderic_octagonal_star, layout_loops_corners
D:2:      layout_rooms, uniq_jessica
D:3:      layout_loops_ring

Skill      XL: |  1  2  3  4 |
---------------+-------------+-----
Axes           | 2 3 4 |  4.4
Fighting       | |  3.2
Armour         | |  3.2
Shields        | |  3.2

Action                   |  1- 3 |  4- 6 || total
-------------------------+-------+-------++-------
Melee: War axe           |    67 |    46 ||   113
Armor: Scale mail        |    52 |     7 ||    59
       Plate armour      |       |    18 ||    18
Dodge: Dodged            |    29 |    15 ||    44
Block: Buckler           |    20 |     9 ||    29

Table legend: (Time is in decaauts)
 A = Elapsed time spent in this place.
 B = Non-inter-level travel time spent in this place.
 C = Inter-level travel time spent in this place.
 D = Time resting spent in this place.
 E = Time spent auto-exploring this place.
 F = Levels seen in this place.
 G = Mean time per level.
                   A        B        C        D        E       F      G
               +--------+--------+--------+--------+--------+-----+--------+
         Total |   1626 |   1576 |     50 |      0 |   1288 |   3 |  542.0 |
       Dungeon |   1626 |   1576 |     50 |      0 |   1288 |   3 |  542.0 |
               +--------+--------+--------+--------+--------+-----+--------+

Top non-repeatable levels by time:
     D:1: 1027 daAuts
     D:2: 567 daAuts
     D:3: 30 daAuts
